 Dungeon Crawl Stone Soup version 0.25.1-2-g60ff931df9 (webtiles) character file.

Game seed: 17905548946595676755

697 raphaelitos the Shield-Bearer (level 7, -4/54 HPs)
             Began as a Formicid Fighter on Nov 19, 2020.
             Killed from afar by BigShawn's ghost (8 damage)
             ... with a magic dart
             ... on level 3 of the Dungeon.
             The game lasted 00:08:08 (3338 turns).

raphaelitos the Shield-Bearer (Formicid Fighter)    Turns: 3338, Time: 00:08:08

Health: -4/54      AC: 16    Str: 23    XL:     7   Next: 97%
Magic:  0/7        EV:  6    Int:  7    God:
Gold:   116        SH: 10    Dex: 10    Spells: 6/6 levels left

rFire    . . .     SeeInvis +   w - +0 halberd
rCold    . . .     Gourm    .   c - +0 kite shield
rNeg     . . .     Faith    .   y - +4 plate armour
rPois    .         Spirit   +   (helmet unavailable)
rElec    .         Reflect  .   i - scarf {harm}
rCorr    .         Harm     +   (no gloves)
MR       .....                  (no boots)
Stlth    ..........             q - amulet of guardian spirit
HPRegen  0.18/turn              (no ring)
MPRegen  0.10/turn              (no ring)

@: lethally poisoned (-4 -> -5)
A: permanent stasis, dig shafts and tunnels, four strong arms, antennae 3
a: Dig, Shaft Self


You were on level 3 of the Dungeon.
You were not hungry.

You visited 1 branch of the dungeon, and saw 3 of its levels.

You collected 116 gold pieces.

Inventory:

Hand Weapons
 a - a +0 quarterstaff
 w - a +0 halberd (weapon)
Missiles
 g - 35 sling bullets
 p - 71 arrows
 s - 16 poisoned darts (quivered)
 v - 4 boomerangs
Armour
 c - a +0 kite shield (worn)
 i - a scarf of harm (worn)
 y - a +4 plate armour (worn)
Jewellery
 q - an amulet of guardian spirit (around neck)
Scrolls
 o - 3 scrolls of amnesia
Potions
 d - a potion of might
 h - a potion of flight {unknown}
 l - a potion of invisibility {unknown}
 m - 3 potions of cancellation
 n - a potion of heal wounds {unknown}
 r - a potion of curing {unknown}
 t - a potion of stabbing {unknown}
 u - a potion of ambrosia {unknown}
 x - a potion of haste {unknown}
Comestibles
 b - 3 chunks of flesh
 f - 6 rations


   Skills:
 + Level 4.2 Fighting
   Level 0.4 Short Blades
 + Level 4.1(4.8) Polearms
 + Level 3.6(4.5) Staves
 + Level 0.1 Throwing
 + Level 4.4 Armour
 + Level 1.1 Dodging
 + Level 0.9 Stealth
 + Level 6.3 Shields


You had 6 spell levels left.
You didn't know any spells.
Your spell library was empty.

Dungeon Overview and Level Annotations

Branches:
Dungeon (3/15)

Altars:

Annotations:
D:3 BigShawn's ghost, weakling DrCj


Innate Abilities, Weirdness & Mutations

You cannot be hasted, slowed, berserked, paralysed or teleported.
You can dig through walls and to a lower floor.
Your four strong arms can wield two-handed weapons with a shield.
You have a pair of large antennae on your head. (SInv)


Message History

* * * LOW HITPOINT WARNING * * *
You puncture BigShawn's ghost!
BigShawn's ghost is heavily damaged.
BigShawn's ghost takes aim.
BigShawn's ghost barely misses you. You block BigShawn's ghost's attack.
You barely miss BigShawn's ghost.
BigShawn's ghost is heavily damaged.
You feel sick. You block BigShawn's ghost's attack.
You closely miss BigShawn's ghost.
BigShawn's ghost is heavily damaged.
BigShawn's ghost barely misses you.
Some of the chunks of flesh in your inventory have rotted away.
You barely miss BigShawn's ghost.
BigShawn's ghost is heavily damaged.
You feel sick. You block BigShawn's ghost's attack.
Your plate armour prevents you from hitting BigShawn's ghost.
BigShawn's ghost is heavily damaged.
BigShawn's ghost gestures at you while chanting.
The magic dart hits you!
You die...

#.#####[.##..'.(....###
#.# #..##..'.....8###
#.#
###..###.'.....%#.##
#.# #...##
#.#.....%##.# #.# #.#.#
#.#....8##.## #.###.#.#
###!8!?##..# #.....#.#
#####.#.# ####..#W#
#.....#.# #..#@#
#.......# #..#.#
#.####### #..#.# #.#
#..#.#######.#
#............########
##.#.###.............
#.#.###.....###.....
#...............####
#######.....###.#


You could see BigShawn's ghost.

Vanquished Creatures
  The ghost of KittyFluff the Cudgeler, an amateur DrBe of Trog (D:3)
  The ghost of Anlio the Skirmisher, an amateur HOFi (D:3)
  The ghost of KittyFluff the Skirmisher, an amateur DsBe of Trog (D:3)
  The ghost of ahrsahrtis the Digger, an amateur BaEE (D:3)
  8 gnolls (D:3)
  An adder (D:2)
  A worm (D:3)
  2 dart slugs
  4 leopard geckos
  6 orcs (D:3)
  4 giant cockroaches
  7 hobgoblins
  10 jackals
  11 kobolds
  2 quokkas (D:3)
  A ball python (D:3)
  6 bats
  7 frilled lizards
  5 goblins
  3 rats
82 creatures vanquished.

Notes
Turn   | Place    | Note
-------+----------+-------------------------------------------
     0 | D:1      | raphaelitos the Formicid Fighter began the quest for the
                  | Orb.
     0 | D:1      | Reached XP level 1. HP: 18/18 MP: 1/1
    39 | D:1      | Reached XP level 2. HP: 5/24 MP: 2/2
   437 | D:1      | Reached skill level 4 in Shields
   694 | D:1      | Reached XP level 3. HP: 29/29 MP: 3/3
  1453 | D:2      | Reached XP level 4. HP: 29/35 MP: 4/4
  1849 | D:2      | Found a faded altar of an unknown god.
  2253 | D:3      | Reached XP level 5. HP: 24/42 MP: 5/5
  2489 | D:3      | Reached skill level 5 in Shields
  2710 | D:3      | Found a runed translucent gate.
  2711 | D:3      | Found a runed translucent gate.
  2712 | D:3      | Found a runed translucent gate.
  2812 | D:3      | Noticed KittyFluff's ghost (amateur DrBe)
  2812 | D:3      | Noticed Anlio's ghost (amateur HOFi)
  2813 | D:3      | Noticed BigShawn's ghost (weakling DrCj)
  2813 | D:3      | Noticed ahrsahrtis's ghost (amateur BaEE)
  2813 | D:3      | Noticed KittyFluff's ghost (amateur DsBe)
  2952 | D:3      | Reached skill level 1 in Polearms
  3303 | D:3      | Killed KittyFluff's ghost
  3303 | D:3      | Reached XP level 6. HP: 9/48 MP: 3/6
  3303 | D:3      | Reached XP level 7. HP: 10/54 MP: 3/7
  3311 | D:3      | Killed Anlio's ghost
  3311 | D:3      | Reached skill level 1 in Dodging
  3311 | D:3      | Reached skill level 6 in Shields
  3318 | D:3      | Killed KittyFluff's ghost
  3327 | D:3      | Killed ahrsahrtis's ghost
  3338 | D:3      | Killed from afar by BigShawn's ghost

Illustrated notes

Levels and vault maps discovered:
D:1:      wander_arrival_abandoned_jail, layout_basic, minmay_tetromino_i4
D:2:      minmay_recursive_quarters, layout_basic,
          chequers_ecumenical_altar_simple
D:3:      layout_loops_ring, gammafunk_ghost_cemetery, first_ration,
          st_stairs_7, serial_park_tiny_pond

Skill      XL: |  1  2  3  4  5  6  7 |
---------------+----------------------+-----
Shields        | 4 5 6 |  6.3
Staves         | 3 |  3.6
Polearms       | 2 4 |  4.1
Fighting       | 4 |  4.2
Armour         | 4 |  4.4
Dodging        | 1 |  1.1
Short Blades   | |  0.4
Throwing       | |  0.1
Stealth        | |  0.9

Action                   |  1- 3 |  4- 6 |  7- 9 || total
-------------------------+-------+-------+-------++-------
Melee: Short sword       |    13 |       |       ||    13
       Quarterstaff      |   107 |    63 |       ||   170
       Halberd           |       |    93 |    35 ||   128
Throw: Dart              |       |     1 |       ||     1
  Use: Scroll            |     4 |     9 |       ||    13
       Potion            |       |     1 |       ||     1
  Eat: Chunk             |     2 |     6 |       ||     8
Armor: Scale mail        |    82 |    31 |       ||   113
       Plate armour      |       |    25 |    13 ||    38
Dodge: Dodged            |    62 |    41 |     7 ||   110
Block: Kite shield       |    85 |    84 |    19 ||   188
